 Dungeon Crawl Stone Soup version 0.31.0-9-g3a7656b989 (webtiles) character file.

Game seed: 1589191706399312747

37 qw the Shooter (level 3, -4/20 HPs)
             Began as a Deep Elf Hunter on Feb 3, 2024.
             Slain by Sigmund
             ... wielding a +0 scythe
              (10 damage)
             ... on level 2 of the Dungeon.
             The game lasted 00:00:03 (1128 turns).

qw the Shooter (Deep Elf Hunter)                    Turns: 1128, Time: 00:00:04

Health: -4/20      AC:  5    Str:  9 (10) XL:     3   Next: 21%
Magic:  5/5        EV: 10    Int: 11 (13) God:
Gold:   54         SH:  0    Dex: 16 (18) Spells: 2/2 levels left

rFire   . . .        a - +0 shortbow
rCold   . . .        (shield currently unavailable)
rNeg    . . .        d - +0 ring mail
rPois   .            (no helmet)
rElec   .            (no cloak)
rCorr   .            (no gloves)
SInv    .            (no boots)
Will    .....        (no amulet)
Stlth   +            (no ring)
HPRegen 0.23/turn    (no ring)
MPRegen 0.09/turn

%: no passive effects
@: no status effects
A: no striking features
a: no special abilities


You were on level 2 of the Dungeon.
You visited 1 branch of the dungeon, and saw 2 of its levels.

You collected 54 gold pieces.


   Skills:
 - Level 1.5 Fighting
 + Level 6.8 Ranged Weapons
 - Level 2.4 Dodging
 - Level 1.2 Stealth


You had 2 spell levels left.
You didn't know any spells.
Your spell library was empty.

Inventory:

Hand Weapons
 a - a +0 shortbow (weapon)
Armour
 d - a +0 ring mail (worn)

Dungeon Overview and Level Annotations

Branches:
Dungeon (2/15)

Altars:

Annotations:
D:2 Sigmund


Message History

You hear a loud squeak.
Sigmund gestures at you while chanting.
You are confused.
1113 ||| DRINKING coppery potion.
It was a potion of degeneration.
There was something very wrong with that liquid.
You feel weakened.
You feel dopey.
You feel clumsy.
Sigmund mumbles some strange words.
Sigmund flickers and vanishes!
Deactivating autopickup; reactivate with Ctrl-A.
You shoot an arrow.
A rat comes into view.
The rat bites you but does no damage. The rat bites you but does no damage.
The rat misses you. Something hits you but does no damage.
You feel less confused. The rat closely misses you.
You shoot an arrow. The arrow completely misses the rat.
Something hits you! The rat misses you.
You shoot an arrow. The arrow hits the rat.
You kill the rat!
Something hits you.
You shoot an arrow.
You hear some strange, mumbled words.
Something tries to affect you, but you resist.
You shoot an arrow. Something hits you.
You shoot an arrow. Something hits you.
You shoot an arrow. Something hits you but does no damage.
You shoot an arrow. You shoot an arrow.
You hear some strange, mumbled words.
A puff of flame appears from out of thin air!
The puff of flame hits you. Something hits you but does no damage.
You shoot an arrow. You shoot an arrow. Something hits you!
Ouch! That really hurt!
You die...

# #. #..########
.>........#
#.#...###.######..
#.....%@..........
###..{###..######
..... ##.### .#
.... #...### #.#
... ###.%.# #.# ##
###.# #.### #.#
#.... #.## #....
#..####....


There were no monsters in sight!

Vanquished Creatures
  An adder (D:2)
  A ribbon worm (D:2)
  2 endoplasms (D:1)
  A giant cockroach (D:1)
  A hobgoblin (D:1)
  4 kobolds
  3 quokkas
  A ball python (D:1)
  4 bats (D:1)
  2 frilled lizards (D:1)
  3 goblins (D:1)
  2 rats
25 creatures vanquished.

Notes
Turn   | Place    | Note
-------+----------+-------------------------------------------
     0 | D:1      | qw the Deep Elf Hunter began the quest for the Orb.
     0 | D:1      | Reached XP level 1. HP: 12/12 MP: 3/3
     0 | D:1      | 0 ||| qw: Version: 0.3-a-155-g5e7d8dd
     0 | D:1      | 0 ||| qw: Game counter: 2929
     0 | D:1      | 0 ||| qw: Melee chars always use a shield: true
     0 | D:1      | 0 ||| qw: God list: Okawaru
     0 | D:1      | 0 ||| qw: Allow faded altars: false
     0 | D:1      | 0 ||| qw: Do Orc after clearing Dungeon:15 true
     0 | D:1      | 0 ||| qw: Do second Lair branch before Depths: true
     0 | D:1      | 0 ||| qw: Lair rune preference: random
     0 | D:1      | 0 ||| qw: Goals: Normal
     0 | D:1      | 0 ||| PLANNING D:1-11
   263 | D:1      | Reached XP level 2. HP: 16/16 MP: 4/4
   273 | D:1      | Reached skill level 6 in Ranged Weapons
   416 | D:1      | Found a faded altar of an unknown god.
   419 | D:1      | 419 ||| UPGRADING to +0 ring mail.
   431 | D:1      | 431 ||| DROPPING +0 leather armour.
   997 | D:1      | 997 ||| DRINKING 2 smoky orange potions.
   998 | D:1      | 998 ||| DROPPING scroll of butterflies.
   999 | D:1      | 999 ||| DROPPING potion of invisibility.
  1055 | D:2      | Reached XP level 3. HP: 20/20 MP: 5/5
  1111 | D:2      | Noticed Sigmund
  1113 | D:2      | 1113 ||| DRINKING coppery potion.
  1126 | D:2      | HP: 5/20 [something/puff of flame (2)]
  1128 | D:2      | Slain by Sigmund

Levels and vault maps discovered:
D:1:      minmay_arrival_checkered_box, layout_loops_corners,
          nicolae_ecumenical_lake_church, chequers_big_river
D:2:      layout_basic, uniq_natasha, uniq_sigmund

Skill      XL: |  1  2 |
---------------+-------+-----
Ranged Weapons | 6 |  6.8
Fighting       | |  1.5
Dodging        | |  2.4
Stealth        | |  1.2

Action                     || total
---------------------------++-------
   Fire: Shortbow          ||    88
    Use: Potion            ||     2
 Armour: Leather armour    ||     4
         Ring mail         ||    26
  Dodge: Dodged            ||    29

Table legend:
 A = Non-vault XP
 B = Vault XP
 C = Vault XP percentage of total XP
 D = Non-vault monster count
 E = Vault monster count
 F = Vault count percentage of total count
                 A         B        C        D         E       F
            +---------+---------+-------+---------+---------+-------
      Total |      53 |       0 |   0.0 |      25 |       0 |   0.0
            +---------+---------+-------+---------+---------+-------
        D:1 |      32 |       0 |   0.0 |      20 |       0 |   0.0
        D:2 |      21 |       0 |   0.0 |       5 |       0 |   0.0
            +---------+---------+-------+---------+---------+-------
